 Dungeon Crawl Stone Soup version 0.20.1-1-g8b1a95d (webtiles) character file.

133 SpImRoXx the Cudgeler (level 4, 0/41 HPs)
             Began as a Minotaur Berserker on Dec 4, 2017.
             Was a Believer of Trog.
             Slain by an orc priest
             ... wielding a +0 club
              (3 damage)
             ... on level 4 of the Dungeon.
             The game lasted 00:07:20 (3278 turns).

SpImRoXx the Cudgeler (Minotaur Berserker)          Turns: 3278, Time: 00:07:21

Health: 0/41       AC:  5    Str: 23    XL:     4   Next: 94%
Magic:  3/3        EV: 12    Int:  4    God:    Trog [**....]
Gold:   152        SH:  0    Dex:  9    Spells: 3/3 levels left

rFire    . . .     SeeInvis .   a - +0 mace
rCold    . . .     Gourm    .   (no shield)
rNeg     . . .     Faith    .   j - +0 ring mail
rPois    .         Spirit   .   (helmet restricted)
rElec    .         Reflect  .   (no cloak)
rCorr    .         Harm     .   (no gloves)
MR       .....                  (no boots)
Stlth    +.........             (no amulet)
Regen    0.2/turn               (no ring)
MPRegen  0.1/turn               (no ring)

@: berserk cooldown, slowed, very slow
A: retaliatory headbutt, horns 2
a: Berserk, Trog's Hand, Burn Spellbooks, Renounce Religion


You were on level 4 of the Dungeon.
You worshipped Trog.
Trog was pleased with you.
You were full.

You visited 1 branch of the dungeon, and saw 4 of its levels.

You collected 152 gold pieces.

Inventory:

Hand Weapons
 a - a +0 mace (weapon)
Armour
 b - a +0 animal skin
 j - a +0 ring mail (worn)
Jewellery
 r - an uncursed amulet of harm {unknown}
Scrolls
 e - a scroll of fog {unknown}
 g - a scroll of immolation {unknown}
 i - 5 scrolls of identify {unknown}
 l - a scroll of random uselessness {unknown}
 m - a scroll of blinking {unknown}
 p - a scroll of enchant armour {unknown}
 s - 3 scrolls of remove curse {unknown}
 t - 3 scrolls of amnesia {unknown}
 u - 2 scrolls of teleportation {unknown}
 x - a scroll of noise {unknown}
Potions
 d - a potion of flight {unknown}
 f - 2 potions of brilliance {unknown}
 n - 3 potions of heal wounds {unknown}
 o - 3 potions of might {unknown}
 q - 3 potions of curing {unknown}
 v - a potion of magic {unknown}
 w - 2 potions of haste
Comestibles
 c - 2 bread rations
 h - 4 meat rations
 k - a royal jelly
 z - 4 fruits


   Skills:
 + Level 4.4 Fighting
 + Level 5.2 Maces & Flails
 + Level 3.1 Armour
 + Level 3.1 Dodging
 + Level 0.8 Stealth


You had 3 spell levels left.
You didn't know any spells.

Dungeon Overview and Level Annotations

Branches:
Dungeon (4/15)
 Temple: D:4-7

Altars:
Ashenzari
Hepliaklqana


Innate Abilities, Weirdness & Mutations

You reflexively headbutt those who attack you in melee.
You have a pair of horns on your head.


Message History

The orc priest calls down the wrath of Beogh upon you.
Beogh smites you!
* * * LOW HITPOINT WARNING * * *
You thump something! You headbutt something. Trog accepts your kill.
Trog appreciates your killing of a magic user.
Reactivating autopickup.
Your Armour skill increases to level 3!
Your Dodging skill increases to level 3!
You feel a bit more experienced.
You bump into the rock wall.
You bump into the rock wall.
You feel a strong urge to attack something.
You are no longer berserk.
You are exhausted.
You feel yourself slow down.
The orc priest looks satisfied for a moment.
You feel less confused. The orc priest hits you with a club.
You die...

#.# #.#
#.# #># #
#.# #. #.#
. #.#
#.#.#
#.#@#
##..o##
#.....# ##
#.[...# .#
#.....# .#
.......#
.###
##....>.#
.....
...#.....
.###.
#.........


You could see an orc priest.

Vanquished Creatures
  2 orc wizards (D:4)
  A gnoll (D:3)
  2 worms (D:2)
  2 dart slugs
  A leopard gecko (D:2)
  2 orcs
  6 giant cockroaches
  5 goblins
  7 hobgoblins
  6 jackals (D:3)
  7 kobolds
  A ball python (D:1)
  6 bats
  5 frilled lizards
  5 rats
58 creatures vanquished.

Notes
Turn   | Place    | Note
-------+----------+-------------------------------------------
     0 | D:1      | SpImRoXx the Minotaur Berserker began the quest for the Orb.
     0 | D:1      | Reached XP level 1. HP: 19/19 MP: 0/0
   284 | D:1      | Reached XP level 2. HP: 3/27 MP: 1/1
  1518 | D:1      | Reached skill level 4 in Maces & Flails
  1836 | D:2      | Reached XP level 3. HP: 29/33 MP: 2/2
  1906 | D:2      | Reached ** piety under Trog
  2493 | D:3      | Reached XP level 4. HP: 38/41 MP: 3/3
  2629 | D:3      | Found a hazy altar of Hepliaklqana.
  2629 | D:3      | Found a shattered altar of Ashenzari.
  3273 | D:4      | Reached skill level 5 in Maces & Flails
  3278 | D:4      | Slain by an orc priest

Skill      XL: |  1  2  3  4 |
---------------+-------------+-----
Maces & Flails | 4 5 |  5.2
Fighting       | 4 |  4.4
Armour         | 3 |  3.1
Dodging        | 3 |  3.1
Stealth        | |  0.8

Action                   |  1- 3 |  4- 6 || total
-------------------------+-------+-------++-------
Melee: Mace              |    82 |    20 ||   102
       Headbutt          |    12 |     4 ||    16
Invok: Berserk           |       |     1 ||     1
  Eat: Chunk             |     4 |     1 ||     5
       Bread ration      |       |     2 ||     2
Armor: Animal skin       |    13 |       ||    13
       Ring mail         |    20 |     2 ||    22
Dodge: Dodged            |    55 |    12 ||    67
